 Dungeon Crawl Stone Soup version 0.23.0 (webtiles) character file.

Game seed: 3275494106360102707

31 tidbits the Charmwright (level 3, -6/31 HPs)
             Began as a Gnoll Skald on Feb 14, 2019.
             Killed from afar by an orc wizard (11 damage)
             ... with a puff of flame
             ... on level 4 of the Dungeon.
             The game lasted 00:03:38 (358 turns).

tidbits the Charmwright (Gnoll Skald)                Turns: 358, Time: 00:03:39

Health: -6/31      AC:  4    Str: 13    XL:     3   Next: 22%
Magic:  5/9        EV: 14    Int: 16    God:
Gold:   23         SH:  0    Dex: 14    Spells: 1/12 levels left

rFire    . . .     SeeInvis .   a - +0 trident
rCold    . . .     Gourm    .   (no shield)
rNeg     . . .     Faith    .   b - +0 leather armour
rPois    .         Spirit   .   (no helmet)
rElec    .         Reflect  .   C - +0 cloak
rCorr    .         Harm     .   (no gloves)
MR       .....                  (no boots)
Stlth    +.........             (no amulet)
HPRegen  0.10/turn              (no ring)
MPRegen  0.11/turn              (no ring)

@: singing (expiring)
A: distributed training, fangs 1, strong nose
a: no special abilities


You were on level 4 of the Dungeon.
You were not hungry.

You visited 1 branch of the dungeon, and saw 4 of its levels.

You collected 23 gold pieces.

Inventory:

Hand Weapons
 a - a +0 trident (weapon)
 g - a +0 dagger
 j - a +0 spear
Missiles
 k - 4 tomahawks (quivered)
Armour
 b - a +0 leather armour (worn)
 i - a +0 ring mail
 C - a +0 cloak (worn)
Scrolls
 c - a scroll of fog {unknown}
 f - a scroll of remove curse {unknown}
 h - 2 scrolls of identify {unknown}
Comestibles
 d - a ration


   Skills:
 + Level 4.5 Fighting
 + Level 0.6 Short Blades
 + Level 0.6 Long Blades
 + Level 0.6 Axes
 + Level 0.6 Maces & Flails
 + Level 4.5 Polearms
 + Level 0.6 Staves
 + Level 0.6 Slings
 + Level 0.6 Bows
 + Level 0.6 Crossbows
 + Level 0.6 Throwing
 + Level 2.5 Armour
 + Level 4.5 Dodging
 + Level 0.6 Stealth
 + Level 0.6 Shields
 + Level 0.6 Unarmed Combat
 + Level 5.0 Spellcasting
 + Level 0.4 Conjurations
 + Level 0.4 Hexes
 + Level 5.4 Charms
 + Level 0.4 Summonings
 + Level 0.4 Necromancy
 + Level 0.4 Translocations
 + Level 0.4 Transmutations
 + Level 0.4 Fire Magic
 + Level 0.4 Ice Magic
 + Level 0.4 Air Magic
 + Level 0.4 Earth Magic
 + Level 0.4 Poison Magic
 + Level 0.8 Invocations
 + Level 0.6 Evocations


You had one spell level left.
You knew the following spells:

 Your Spells              Type           Power        Failure   Level  Hunger
g - Shroud of Golubria    Chrm/Tloc      ##........   9%          2    #......
i - Infusion              Chrm           ###.         2%          1    None
r - Regeneration          Chrm/Necr      ##........   17%         3    ###....
w - Spectral Weapon       Hex/Chrm       ##......     17%         3    ###....
y - Song of Slaying       Chrm           ###.....     3%          2    #......

Your spell library contained the following spells:

 Spells                   Type           Power        Failure   Level  Hunger


Dungeon Overview and Level Annotations

Branches:
Dungeon (4/15)
 Temple: D:4-7

Altars:


Innate Abilities, Weirdness & Mutations

Your experience applies equally to all skills.
You have very sharp teeth.
Your uncanny sense of smell can sniff out nearby items.


Message History

You see here a scroll labeled ACRUSI EDAI.
h - 2 scrolls labeled ACRUSI EDAI (gained 1)
A leopard gecko comes into view.
Casting: Shroud of Golubria (safe; 9% risk of failure)
Confirm with . or Enter, or press ? or * to list all spells.
You draw out your weapon's spirit!
The leopard gecko hisses angrily.
The leopard gecko bites your spectral weapon but does no damage.
The leopard gecko barely misses your spectral weapon.
The leopard gecko barely misses you.
You closely miss the leopard gecko.
Your spectral weapon hits the leopard gecko.
The leopard gecko barely misses you.
You hit the leopard gecko.
You kill the leopard gecko!
Your Spellcasting skill increases to level 5!
An orc comes into view. It is wielding a +0 hand axe.
Unknown command.
Attack whom?
Press: ? - help, Dir - move target cursor, f - orc
Aim: an orc, wielding a +0 hand axe (resting)
You reach to attack!
The helpless orc fails to defend itself.
You puncture the orc!
You kill the orc!
Your spectral weapon fades away.
You see here a leopard gecko corpse.
An orc comes into view.
The orc shouts!
Casting: Spectral Weapon (safe; 17% risk of failure)
Confirm with . or Enter, or press ? or * to list all spells.
You draw out your weapon's spirit!
An orc wizard comes into view. It is wielding a +0 dagger.
You swap places.
An orc comes into view.
Unknown command.
Unknown command.
Unknown command.
Casting: Spectral Weapon (safe; 17% risk of failure)
Confirm with . or Enter, or press ? or * to list all spells.
You start singing a song of slaying.
You puncture the orc!
You kill the orc!
The orc wizard casts a spell at you.
You are confused.
It was a potion of curing.
You feel better.
The orc wizard points at you and mumbles some strange words.
You are confused.
You're too confused to move!
You hit your spectral weapon.
Your spectral weapon is moderately damaged.
You closely miss the orc wizard.
Your spectral weapon barely misses the orc wizard.
The orc wizard gestures wildly while chanting.
The orc wizard flickers and vanishes!
You bump into the rock wall.
Something hits you but does no damage.
You bump into the rock wall.
You feel less confused. Something hits you but does no damage.
Unknown command.
You closely miss something. Something hits you but does no damage.
You closely miss something. Something hits you.
Unknown command.
You completely miss something. Something hits you but does no damage.
You closely miss something. Something hits you.
You hit something. Something hits you but does no damage.
You closely miss something.
You hear some strange, mumbled words.
A magic dart appears from out of thin air!
The magic dart hits you.
You hit something.
You hear some strange, mumbled words.
A magic dart appears from out of thin air!
The magic dart hits you but does no damage.
You closely miss something.
Your spectral weapon fades away.
Something hits you but does no damage.
You hit something. Something hits you.
You closely miss something. Something hits you but does no damage.
You closely miss something. Something hits you but does no damage.
You hear some strange, mumbled words.
A magic dart appears from out of thin air!
The magic dart hits you.
You hit something.
Your song is almost over.
Something hits you.
* * * LOW HITPOINT WARNING * * *
You hit something.
You hear some strange, mumbled words.
A magic dart appears from out of thin air!
The magic dart hits you!
* * * LOW HITPOINT WARNING * * *
You miss something.
You hear some strange, mumbled words.
A puff of flame appears from out of thin air!
The puff of flame hits you!
You die...

.# . ##.
##########.#
#..
............
#.#
####.#####
#o#
.........#
#{#
.....###.#
#@# ######
#.# #.# #.#
#.# #.# #.#
#.# #.#
#.#### #.#
#....# #.#
####.# #.#
#.# #.#


You could see an orc.

Vanquished Creatures
  2 dart slugs
  A leopard gecko (D:4)
  5 orcs
  A ball python (D:1)
  A goblin (D:3)
  A hobgoblin (D:1)
  2 jackals (D:1)
  A quokka (D:3)
  2 bats
  A frilled lizard (D:1)
  2 kobolds
  A rat (D:1)
20 creatures vanquished.

Notes
Turn   | Place    | Note
-------+----------+-------------------------------------------
     0 | D:1      | tidbits the Gnoll Skald began the quest for the Orb.
     0 | D:1      | Reached XP level 1. HP: 20/20 MP: 6/6
    59 | D:1      | Reached XP level 2. HP: 26/26 MP: 3/7
    66 | D:1      | Learned a level 2 spell: Song of Slaying
    69 | D:1      | Learned a level 2 spell: Shroud of Golubria
   240 | D:3      | Reached XP level 3. HP: 27/31 MP: 0/9
   245 | D:3      | Learned a level 3 spell: Regeneration
   249 | D:3      | Learned a level 3 spell: Spectral Weapon
   302 | D:4      | Reached skill level 5 in Spellcasting
   357 | D:4      | HP: 5/31 [something/magic dart (10)]
   358 | D:4      | Killed from afar by an orc wizard

Skill      XL: |  1  2  3 |
---------------+----------+-----
Spellcasting   | 5 |  5.0
Fighting       | |  4.5
Short Blades   | |  0.6
Long Blades    | |  0.6
Axes           | |  0.6
Maces & Flails | |  0.6
Polearms       | |  4.5
Staves         | |  0.6
Slings         | |  0.6
Bows           | |  0.6
Crossbows      | |  0.6
Throwing       | |  0.6
Armour         | |  2.5
Dodging        | |  4.5
Stealth        | |  0.6
Shields        | |  0.6
Unarmed Combat | |  0.6
Conjurations   | |  0.4
Hexes          | |  0.4
Charms         | |  5.4
Summonings     | |  0.4
Necromancy     | |  0.4
Translocations | |  0.4
Transmutations | |  0.4
Fire Magic     | |  0.4
Ice Magic      | |  0.4
Air Magic      | |  0.4
Earth Magic    | |  0.4
Poison Magic   | |  0.4
Invocations    | |  0.8
Evocations     | |  0.6

Action                   || total
-------------------------++-------
Melee: Spear             ||    32
       Trident           ||    21
       Punch             ||     1
       Bite              ||     1
 Cast: Infusion          ||     4
       Song of Slaying   ||     2
       Shroud of Golubri ||     1
       Spectral Weapon   ||     2
  Use: Potion            ||     1
 Stab: Sleeping          ||     1
Armor: Leather armour    ||    10
Dodge: Dodged            ||    25

Table legend:
 A = Turns spent in this place as a percentage of turns spent in the entire game.
 B = Non-inter-level travel turns spent in this place as a percentage of non-inter-level travel turns spent in the entire game.
 C = Inter-level travel turns spent in this place as a percentage of turns spent in this place.
 D = Turns resting spent in this place as a percentage of non-inter-level travel turns spent in this place.
 E = Turns spent auto-exploring this place as a percentage of non-inter-level travel turns spent in this place.
 F = Non-inter-level travel turns spent in this place divided by the number of levels of this place that you've seen.
                   A       B       C       D       E      F
               +-------+-------+-------+-------+-------+----------------------
         Total | 100.0 | 100.0 |   0.0 |   0.0 |   0.0 |  89.5
       Dungeon | 100.0 | 100.0 |   0.0 |   0.0 |   0.0 |  89.5
               +-------+-------+-------+-------+-------+----------------------

Table legend:
 A = Kills in this place as a percentage of kills in entire the game.
 B = Kills by you in this place as a percentage of kills by you in the entire game.
 C = Kills by friends in this place as a percentage of kills by friends in the entire game.
 D = Other kills in this place as a percentage of other kills in the entire game.
 E = Experience gained in this place as a percentage of experience gained in the entire game.
 F = Experience gained in this place divided by the number of levels of this place that you have seen.
                   A       B       C       D       E      F
               +-------+-------+-------+-------+-------+----------------------
         Total | 100.0 | 100.0 |   N/A |   N/A | 100.0 |  11.2
       Dungeon | 100.0 | 100.0 |   N/A |   N/A | 100.0 |  11.2
               +-------+-------+-------+-------+-------+----------------------

Levels and vault maps discovered:
D:1:      nicolae_arrival_memento_mori, layout_basic
D:2:      layout_basic, minmay_fractal_squares_5, uniq_terence
D:3:      layout_loops_ring, first_ration, nrook_campfire, ashenzari_altar_1
D:4:      layout_basic, minmay_crystal_water, uniq_robin
